 Dungeon Crawl Stone Soup version 0.30-a0-632-g346586fe48 (webtiles) character file.

Game seed: 14885692915997770502

119 tilp the Covered (level 5, -1/46 HPs)
             Began as a Meteoran Fighter on Jan 13, 2023.
             Slain by an orc
             ... wielding a +0 trident
              (4 damage)
             ... on level 4 of the Dungeon.
             The game lasted 00:04:44 (1022 turns).

tilp the Covered (Meteoran Fighter)                 Turns: 1022, Time: 00:04:45

Health: -1/46      AC:  8    Str: 17    XL:     5   Next: 49%
Magic:  6/6        EV:  9    Int: 10    God:
Gold:   90         SH:  9    Dex: 15    Spells: 4/4 levels left

rFire   . . .      SeeInvis .    a - +0 long sword
rCold   . . .      Faith    .    l - +0 kite shield
rNeg    . . .      Spirit   .    b - +0 scale mail
rPois   .          Reflect  .    (no helmet)
rElec   .          Harm     .    (no cloak)
rCorr   .          Rampage  .    (no gloves)
Will    .....                    n - +0 pair of boots Stlth
                                 (no amulet)
HPRegen 0.27/turn                (no ring)
MPRegen 0.10/turn                (no ring)

@: glowing
A: sense surroundings 1, otherworldly, glowing, explore regen
a: no special abilities


You were on level 4 of the Dungeon.
You visited 1 branch of the dungeon, and saw 4 of its levels.

You collected 90 gold pieces.

Inventory:

Hand Weapons
 a - a +0 long sword (weapon)
Missiles
 j - 14 stones (quivered)
 m - 6 poisoned darts
Armour
 b - a +0 scale mail (worn)
 c - a +0 buckler
 l - a +0 kite shield (worn)
 n - a +0 pair of boots (worn)
Scrolls
 e - a scroll of teleportation {unknown}
 i - a scroll of poison {unknown}
 k - 2 scrolls of fear {unknown}
 o - a scroll of silence {unknown}
 p - a scroll of identify {unknown}
Potions
 d - 3 potions of might
 g - a potion of mutation {unknown}
 h - a potion of curing {unknown}


   Skills:
 + Level 3.8 Fighting
 + Level 3.3 Long Blades
 - Level 4.0 Armour
 * Level 3.0 Dodging
 + Level 1.1 Stealth
 - Level 4.0 Shields


You had 4 spell levels left.
You didn't know any spells.
Your spell library was empty.

Dungeon Overview and Level Annotations

Branches:
Dungeon (4/15) Zot: 1299
 Temple: D:4-7

Altars:
Ru
Sif Muna
Xom


Innate Abilities, Weirdness & Mutations

You passively map a small area around you.
You are easily found by Zot.
You glow in the dark.
You regain HP and MP as you explore.


Message History

There is a stone staircase leading up here.
You hit the quokka.
The quokka is heavily wounded.
You block the quokka's attack.
You hit the quokka.
You kill the quokka!
The orc closely misses you.
You barely miss the orc. You block the orc's attack.
You closely miss the orc. You block the orc's attack.
You barely miss the orc. The orc hits you but does no damage.
You barely miss the orc. The orc hits you but does no damage.
You slash the orc!
You kill the orc!
The orc hits you from afar with a +0 trident!
* * * LOW HITPOINT WARNING * * *
You block the orc's attack.
You barely miss the orc. The orc hits you but does no damage.
The orc barely misses you.
You hit the orc but do no damage. The orc hits you with a +0 mace.
* * * LOW HITPOINT WARNING * * *
The orc hits you from afar with a +0 trident.
* * * LOW HITPOINT WARNING * * *
The orc misses you.
The orc hits you from afar with a +0 trident.
* * * LOW HITPOINT WARNING * * *
You barely miss the orc. You block the orc's attack.
The orc hits you from afar with a +0 trident.
* * * LOW HITPOINT WARNING * * *
Unknown command.
You barely miss the orc. You block the orc's attack. x2
You barely miss the orc. You block the orc's attack.
The orc hits you from afar with a +0 trident.
* * * LOW HITPOINT WARNING * * *
The orc hits you with a +0 mace.
* * * LOW HITPOINT WARNING * * *
The orc barely misses you.
Unknown command.
You block the orc's attack.
The orc hits you from afar with a +0 trident.
You die...

, # * * * , #[
### ** * * *
#.,... , , ,
..... ,
^#.##### ,
<......#.. , *
#........, ,
#@# ,* * , *
#o# *#o# #,
##, #o###.#.#.
#...#.........
#.......oo..#?
#...#.##......
#####.. ......
, * , ###
.###.


You could see 3 orcs.

Vanquished Creatures
  An iguana (D:4)
  An orc wizard (D:3)
  2 adders
  A worm (D:2)
  A dart slug (D:1)
  6 orcs
  3 endoplasms (D:1)
  2 giant cockroaches
  3 goblins (D:2)
  4 hobgoblins
  A quokka (D:4)
  5 ball pythons (D:2)
  3 bats
  2 kobolds (D:3)
  6 rats
41 creatures vanquished.

Vanquished Creatures (others)
  A plant (D:3)
1 creature vanquished.

Grand Total: 42 creatures vanquished

Notes
Turn   | Place    | Note
-------+----------+-------------------------------------------
     0 | D:1      | tilp the Meteoran Fighter began the quest for the Orb.
     0 | D:1      | Reached XP level 1. HP: 19/19 MP: 2/2
    53 | D:1      | Reached XP level 2. HP: 26/26 MP: 3/3
    97 | D:1      | Reached skill level 1 in Dodging
   327 | D:2      | Reached XP level 3. HP: 29/31 MP: 4/4
   786 | D:2      | Reached XP level 4. HP: 25/38 MP: 5/5
   822 | D:3      | Found a shimmering altar of Xom.
   822 | D:3      | Found a sacrificial altar of Ru.
   824 | D:3      | Found a shimmering blue altar of Sif Muna.
   947 | D:3      | Reached XP level 5. HP: 16/46 MP: 6/6
  1005 | D:4      | Reached skill level 1 in Stealth
  1022 | D:4      | Slain by an orc

Illustrated notes

Levels and vault maps discovered:
D:1:      giann_wishing_wells, layout_loops_ring, grunt_decor_arrowhead,
          chequers_serial_rivers_micro_b
D:2:      layout_basic
D:3:      layout_rooms, chequers_temple_overflow_statue_of_worship,
          hellmonk_ecumenical_altar_heavens_door, serial_bayou_crossing
D:4:      layout_loops_ring, minmay_pentangle

Skill      XL: |  1  2  3  4  5 |
---------------+----------------+-----
Dodging        | 1 2 3 |  3.0
Long Blades    | 3 |  3.3
Armour         | 4 |  4.0
Shields        | 4 |  4.0
Stealth        | 1 |  1.1
Fighting       | |  3.8

Action                   |  1- 3 |  4- 6 || total
-------------------------+-------+-------++-------
Melee: Long sword        |    90 |    88 ||   178
  Use: Potion            |       |     1 ||     1
Armor: Scale mail        |    37 |    36 ||    73
Dodge: Dodged            |    28 |    23 ||    51
Block: Buckler           |    11 |       ||    11
       Kite shield       |    16 |    53 ||    69

Table legend: (Time is in decaauts)
 A = Elapsed time spent in this place.
 B = Non-inter-level travel time spent in this place.
 C = Inter-level travel time spent in this place.
 D = Time resting spent in this place.
 E = Time spent auto-exploring this place.
 F = Levels seen in this place.
 G = Mean time per level.
                   A        B        C        D        E       F      G
               +--------+--------+--------+--------+--------+-----+--------+
         Total |   1099 |   1016 |     83 |      0 |      0 |   4 |  274.8 |
       Dungeon |   1099 |   1016 |     83 |      0 |      0 |   4 |  274.8 |
               +--------+--------+--------+--------+--------+-----+--------+

Top non-repeatable levels by time:
     D:2: 583 daAuts
     D:1: 249 daAuts
     D:3: 225 daAuts
     D:4: 41 daAuts
